 Dungeon Crawl Stone Soup version 0.25-a0-700-g7f8a797 (webtiles) character file.

Game seed: 1039705489803750115, levelgen mode: deterministic

7585 Faca the Fighter (level 11, -3/95 HPs)
             Began as a Human Fighter on Apr 2, 2020.
             Was an Elder of Okawaru.
             Killed from afar by a molten gargoyle (12 damage)
             ... with a bolt of magma
             ... on level 11 of the Dungeon.
             The game lasted 00:23:19 (13778 turns).

Faca the Fighter (Human Fighter)                   Turns: 13778, Time: 00:23:20

Health: -3/95      AC: 17    Str: 21    XL:     11   Next: 40%
Magic:  11/11      EV:  5    Int:  8    God:    Okawaru [****..]
Gold:   2991       SH: 11    Dex: 12    Spells: 10/10 levels left

rFire    . . .     SeeInvis .   C - +3 morningstar (freeze)
rCold    + . .     Gourm    .   c - +1 kite shield
rNeg     . . .     Faith    .   x - +0 chain mail
rPois    .         Spirit   .   e - +0 helmet
rElec    .         Reflect  .   t - +0 cloak
rCorr    .         Harm     .   j - +0 pair of gloves
MR       .....                  (no boots)
Stlth    ..........             (no amulet)
HPRegen  0.25/turn              g - +4 ring of protection
MPRegen  0.12/turn              s - ring of protection from cold

@: no status effects
A: no striking features
a: Heroism, Renounce Religion


You were on level 11 of the Dungeon.
You worshipped Okawaru.
Okawaru was greatly pleased with you.
You were not hungry.

You visited 2 branches of the dungeon, and saw 12 of its levels.
You also visited: Bailey.

You collected 2991 gold pieces.

Inventory:

Hand Weapons
 C - a +3 morningstar of freezing (weapon)
Missiles
 b - 77 boomerangs (quivered)
 o - 7 javelins
Armour
 c - a +1 kite shield (worn)
 e - a +0 helmet (worn)
 j - a +0 pair of gloves (worn)
 t - a +0 cloak (worn)
 x - a +0 chain mail (worn)
Jewellery
 g - a +4 ring of protection (left hand)
 h - an uncursed ring of fire
 k - an uncursed ring of see invisible
 s - a ring of protection from cold (right hand)
Wands
 a - a wand of flame (15)
 y - a wand of disintegration (6)
Scrolls
 i - 4 scrolls of immolation
 l - 4 scrolls of remove curse
 r - 7 scrolls of teleportation
 w - 2 scrolls of blinking
 B - a scroll of enchant weapon
 D - a scroll of fear
Potions
 d - 3 potions of might
 m - 3 potions of ambrosia
 n - 3 potions of curing
 p - a potion of invisibility
 q - 5 potions of mutation
 v - 3 potions of flight {unknown}
 z - 3 potions of lignification
 A - 2 potions of haste
 E - 6 potions of heal wounds
 F - 2 potions of berserk rage
 G - 4 potions of magic {unknown}
Comestibles
 f - 26 rations


   Skills:
 + Level 11.7 Fighting
 + Level 11.4 Maces & Flails
 + Level 4.6 Armour
 + Level 4.6 Shields


You had 10 spell levels left.
You didn't know any spells.
Your spell library contained the following spells:

 Spells                   Type           Power        Failure   Level  Hunger
 Animate Skeleton         Necr           N/A          100%        1    ##.....
 Apportation              Tloc           #.....       100%        1    ##.....
 Beastly Appendage        Tmut           #.....       100%        1    ##.....
 Corona                   Hex            #......      100%        1    ##.....
 Sting                    Tmut/Pois      #...         100%        1    ##.....
 Summon Small Mammal      Summ           #...         100%        1    ##.....
 Poisonous Vapours        Pois/Air       #.....       100%        2    ###....
 Sticks to Snakes         Tmut           #.......     100%        2    ###....
 Ignite Poison            Fire/Tmut/Pois #.......     100%        3    ####...
 Mephitic Cloud           Conj/Pois/Air  #.......     100%        3    ####...
 Spider Form              Tmut/Pois      #.........   100%        3    ####...
 Ice Form                 Ice/Tmut       #.......     100%        4    #####..
 Olgreb's Toxic Radiance  Pois           #.......     100%        4    #####..
 Blade Hands              Tmut           #.........   100%        5    ######.


Dungeon Overview and Level Annotations

Branches:
Dungeon (11/15)            Temple (1/1) D:6            Lair (0/6) D:8
 Bailey (visited)
    Orc: D:9-12

Altars:
Ashenzari
Dithmenos
Elyvilon
Fedhas
Makhleb
Nemelex Xobeh
Okawaru
Ru
Sif Muna
Trog
Vehumet
Yredelemnul
Zin

Shops:
D:9 *


Message History

The molten gargoyle is severely damaged.
You block the molten gargoyle's attack.
You hit the molten gargoyle. You freeze the molten gargoyle.
The molten gargoyle is almost destroyed.
The molten gargoyle hits you with a +1 mace of protection!
You are engulfed in flames!
You barely miss the molten gargoyle.
The molten gargoyle is almost destroyed.
The molten gargoyle blasts magma at you!
The bolt of magma hits you.
You hit the molten gargoyle but do no damage.
The molten gargoyle is almost destroyed.
The molten gargoyle blasts magma at you!
The bolt of magma hits you!!!
* * * LOW HITPOINT WARNING * * *
You hit the molten gargoyle. You freeze the molten gargoyle.
The molten gargoyle is almost destroyed.
The molten gargoyle blasts magma at you!
The bolt of magma hits you!
You die...

##.#####.#.......##.###.##
###.....##.......##.##.#.##
#.......##.......##...###.#
#.##....##.......#####.#.##
#................# ##.##
#.########.......# #.#
##*≈≈§≈§≈####.#### #.#
****≈§§≈§§≈####.# #.#
**≈≈≈≈≈≈≈≈.....#@# #.######
*≈≈≈≈≈§§§......9.# ######.......
≈≈≈≈**§§..######## #..).........
≈≈≈***.**** ##...# #.##.....###.
≈≈≈**,** ####.##.####.#..........
≈≈**,,* ##.>..........#.......##.
≈≈*≈,*###..##.#...#####.......##.
≈≈≈≈,*#.......#...# #.##.......
≈≈≈,,*#.#..####...# #.##.##.###


You could see a molten gargoyle.

Vanquished Creatures
  A hydra (D:11)
  A two-headed ogre (D:9)
  Pikel (D:9)
  An orc knight (Bailey)
  A molten gargoyle (D:11)
  A hornet (D:10)
  A spriggan (D:7)
  4 yaks (D:9)
  Grum (D:9)
  3 wargs
  A water moccasin (D:11)
  An orc warrior (D:8)
  2 sky beasts
  A black bear (D:6)
  A necrophage (D:5)
  3 phantoms
  3 wolves (D:9)
  3 ogres
  4 centaurs
  A bullfrog (D:7)
  A wyvern skeleton (D:6)
  4 killer bees (D:8)
  4 wights (D:10)
  2 howler monkeys
  3 crimson imps
  2 lava snakes (D:11)
  2 jellies
  5 hounds
  3 bullfrog skeletons
  4 orc priests
  2 centaur skeletons
  6 iguanas
  7 worker ants
  6 orc wizards
  2 worker ant zombies
  13 gnolls (Bailey)
  11 adders
  2 shadow imps (D:6)
  An ooze (D:2)
  An adder zombie (D:8)
  4 worms
  8 leopard geckos
  16 orcs
  3 bats
  A giant cockroach (D:1)
  11 goblins
  16 hobgoblins
  8 jackals
  16 kobolds
  5 quokkas
  A ball python (D:5)
  A ball python skeleton (D:5)
  4 frilled lizards
  5 rats
215 creatures vanquished.

Notes
Turn   | Place    | Note
-------+----------+-------------------------------------------
     0 | D:1      | Faca the Human Fighter began the quest for the Orb.
     0 | D:1      | Reached XP level 1. HP: 18/18 MP: 1/1
   139 | D:1      | Reached XP level 2. HP: 24/24 MP: 2/2
   528 | D:1      | Reached XP level 3. HP: 24/29 MP: 3/3
   665 | D:1      | You fall into a shaft and drop 1 floor!
  1596 | D:2      | Reached XP level 4. HP: 28/37 MP: 2/4
  2005 | D:2      | Found a white marble altar of Elyvilon.
  2151 | D:2      | Found a sparkling altar of Nemelex Xobeh.
  2398 | D:3      | Found a shimmering blue altar of Sif Muna.
  3050 | D:3      | Found a shattered altar of Ashenzari.
  3194 | D:4      | Reached XP level 5. HP: 40/42 MP: 5/5
  3773 | D:5      | Entered Level 5 of the Dungeon
  3804 | D:5      | Reached XP level 6. HP: 42/50 MP: 6/6
  3810 | D:5      | Reached skill level 5 in Fighting
  4070 | D:5      | Noticed a necrophage
  4081 | D:5      | Killed a necrophage
  4081 | D:5      | Reached skill level 5 in Maces & Flails
  4081 | D:5      | Reached XP level 7. HP: 57/57 MP: 7/7
  4180 | D:5      | Found a sacrificial altar of Ru.
  4545 | D:6      | Found a staircase to the Ecumenical Temple.
  4552 | Temple   | Entered the Ecumenical Temple
  4560 | Temple   | Became a worshipper of Warmaster Okawaru
  4720 | D:6      | Reached XP level 8. HP: 52/65 MP: 8/8
  5673 | D:6      | Reached * piety under Okawaru
  6096 | D:7      | Noticed a spriggan baker
  6127 | D:7      | Killed a spriggan baker
  6586 | D:8      | Found a staircase to the Lair.
  6915 | D:7      | Reached XP level 9. HP: 33/74 MP: 9/9
  7126 | D:7      | Reached ** piety under Okawaru
  7518 | D:8      | Noticed an eight-headed hydra
  7532 | D:8      | Noticed an entropy weaver
  7532 | D:8      | an eight-headed hydra changed into an entropy weaver
  8129 | D:8      | Found a basalt altar of Yredelemnul.
  8139 | D:8      | Found a shadowy altar of Dithmenos.
  8795 | D:8      | Identified a scroll of acquirement
  8795 | D:8      | Identified the +5 hand crossbow of Watchfulness {speed,
                  | rElec} (You acquired it on level 8 of the Dungeon)
  8795 | D:8      | Identified the -2 kite shield of Insurance {rF+} (You
                  | acquired it on level 8 of the Dungeon)
  9245 | D:9      | Noticed an angel
  9246 | D:9      | Found a glowing silver altar of Zin.
  9268 | D:9      | Noticed a two-headed ogre
  9282 | D:9      | Killed a two-headed ogre
  9282 | D:9      | Reached *** piety under Okawaru
  9282 | D:9      | Reached XP level 10. HP: 70/85 MP: 8/10
  9383 | D:9      | Found Viar Ikk's General Store.
  9424 | D:9      | Reached skill level 10 in Fighting
  9456 | D:9      | Found a bloodstained altar of Trog.
  9456 | D:9      | Found a radiant altar of Vehumet.
  9634 | D:9      | Reached skill level 10 in Maces & Flails
  9774 | D:9      | Noticed Grum
  9794 | D:9      | Killed Grum
 10520 | D:9      | Noticed Pikel
 10539 | D:9      | Killed Pikel
 10539 | D:9      | Reached **** piety under Okawaru
 10738 | D:10     | Entered Level 10 of the Dungeon
 11573 | D:10     | Reached XP level 11. HP: 93/93 MP: 8/11
 12543 | D:11     | Found a flagged portal.
 12573 | Bailey   | Entered a bailey
 13079 | Bailey   | Noticed an orc knight
 13091 | Bailey   | Killed an orc knight
 13557 | D:11     | Noticed an eight-headed hydra
 13565 | D:11     | Killed an eight-headed hydra
 13778 | D:11     | Killed from afar by a molten gargoyle

Levels and vault maps discovered:
D:1:      psy_arrival_radial01, layout_loops_ring
D:2:      layout_basic, elyvilon_altar_5, nemelex_altar_shiori
D:3:      minmay_recursive_quarters, layout_basic, lemuel_round_altar,
          lemuel_coloured_pillars_altar, first_ration
D:4:      layout_loops_ring
D:5:      layout_rooms, lemuel_crystal_altar, minmay_strange_pillars
D:6:      layout_loops_cross, minmay_temple_entry_sparse_star,
          serial_co_window_serial, co_window_paths_a, co_window_paths_b,
          co_window_paths_b, co_window_cross_1, co_window_cross_1,
          co_window_paths_b, co_window_cross_2, co_window_of_opportunity_c,
          co_window_of_opportunity_c, co_window_corner_cb, co_window_paths_c,
          co_window_4corner_a, minmay_misc_feat_tower,
          kennysheep_generic_room_13
D:7:      layout_basic, the_bakery
D:8:      layout_rooms, amethyst_overflow_temple_binary,
          erik_lair_orcish_takeover, nrook_mini_backslash
D:9:      layout_loops_corners, zin_angel, grunt_temple_overflow_open,
          serial_shops, nicolae_shop_behind_doors, uniq_pikel, uniq_grum
D:10:     layout_gridville
D:11:     cheibrodos_magma_flow, layout_loops_cross, enter_bailey_3
Temple:   nicolae_temple_hex_pool

Skill      XL: |  1  2  3  4  5  6  7  8  9 10 11 |
---------------+----------------------------------+-----
Maces & Flails | 3 4 5 6 7 9 11 | 11.4
Fighting       | 4 5 6 8 9 11 | 11.7
Shields        | 4 |  4.6
Armour         | 4 |  4.6

Action                   |  1- 3 |  4- 6 |  7- 9 | 10-12 || total
-------------------------+-------+-------+-------+-------++-------
Melee: Flail             |   136 |   160 |   359 |   238 ||   893
       Morningstar       |       |       |       |   123 ||   123
Throw: Javelin           |       |       |     3 |       ||     3
       Boomerang         |       |       |       |    11 ||    11
Invok: Heroism           |       |       |     4 |     3 ||     7
Evoke: Wand              |       |       |     4 |       ||     4
  Use: Scroll            |     4 |     7 |     8 |     9 ||    28
       Potion            |       |       |     4 |       ||     4
  Eat: Chunk             |     2 |     5 |    14 |     9 ||    30
       Ration            |       |     1 |     1 |     2 ||     4
Armor: Scale mail        |    46 |    67 |   143 |       ||   256
       Chain mail        |       |       |    48 |   167 ||   215
Dodge: Dodged            |    35 |    53 |   107 |    71 ||   266
Block: Kite shield       |    58 |    90 |   175 |   192 ||   515

Table legend:
 A = Non-vault XP
 B = Vault XP
 C = Vault XP percentage of total XP
 D = Non-vault monster count
 E = Vault monster count
 F = Vault count percentage of total count
                 A         B        C        D         E       F
            +---------+---------+-------+---------+---------+-------
      Total |    7435 |    3402 |  31.4 |     149 |      66 |  30.7
            +---------+---------+-------+---------+---------+-------
        D:1 |      29 |       0 |   0.0 |      16 |       0 |   0.0
        D:2 |      65 |       0 |   0.0 |      15 |       0 |   0.0
        D:3 |      16 |      24 |  60.0 |       9 |      10 |  52.6
        D:4 |      82 |       0 |   0.0 |       5 |       0 |   0.0
        D:5 |     445 |       0 |   0.0 |      16 |       0 |   0.0
        D:6 |     833 |       0 |   0.0 |      22 |       0 |   0.0
        D:7 |     494 |     604 |  55.0 |       9 |       4 |  30.8
        D:8 |     512 |     286 |  35.8 |      14 |       6 |  30.0
        D:9 |    2501 |    1148 |  31.5 |      21 |       5 |  19.2
       D:10 |    1284 |       0 |   0.0 |      19 |       0 |   0.0
       D:11 |    1174 |     540 |  31.5 |       3 |       7 |  70.0
     Bailey |       0 |     800 | 100.0 |       0 |      34 | 100.0
            +---------+---------+-------+---------+---------+-------
